 Dungeon Crawl Stone Soup version 0.30.0-3-ga4e48a9924 (webtiles) character file.

Game seed: 1677029721339412002

353 avis the Sneak (level 6, -5/30 HPs)
             Began as a Vine Stalker Brigand on May 7, 2023.
             Slain by a gnoll
             ... wielding a +0 whip
             ... led by a gnoll bouda
              (6 damage)
             ... on level 4 of the Dungeon.
             The game lasted 00:16:45 (2524 turns).

avis the Sneak (Vine Stalker Brigand)               Turns: 2524, Time: 00:16:45

Health: -5/30      AC:  5    Str: 14    XL:     6   Next: 62%
Magic:  0/8        EV: 12    Int: 11    God:
Gold:   187        SH:  5    Dex: 23    Spells: 6/7 levels left

rFire   . . .        a - +2 dagger (venom)
rCold   . . .        m - +0 buckler
rNeg    . . .        b - +0 robe
rPois   .            E - +0 helmet
rElec   .            c - +0 cloak
rCorr   .            w - +0 pair of gloves
SInv    +            (no boots)
Will    .....        (no amulet)
Stlth   +++          h - ring of see invisible
HPRegen 1.05/turn    y - +6 ring of dexterity
MPRegen 0.11/turn

%: guardian spirit
@: about to teleport
A: fangs 2, regeneration 1, magic shield, antimagic bite, no potion heal 2
a: no special abilities


You were on level 4 of the Dungeon.
You visited 1 branch of the dungeon, and saw 4 of its levels.

You collected 187 gold pieces.

Inventory:

Hand Weapons
 a - a +2 dagger of venom (weapon)
 s - a +2 dagger
 v - a +0 dagger of flaming
 x - a +1 scythe of flaming
 D - a +0 sling
Missiles
 d - 14 poisoned darts (quivered)
 e - 3 curare-tipped darts
Armour
 b - a +0 robe (worn)
 c - a +0 cloak (worn)
 m - a +0 buckler (worn)
 o - a +0 tower shield
 w - a +0 pair of gloves (worn)
 B - a +0 chain mail of fire resistance
 E - a +0 helmet (worn)
Jewellery
 h - a ring of see invisible (left hand)
 y - a +6 ring of dexterity (right hand)
 F - a +6 ring of dexterity
Scrolls
 f - 8 scrolls of teleportation
 i - a scroll of poison {unknown}
 l - a scroll of enchant weapon {unknown}
 q - a scroll of magic mapping {unknown}
 r - a scroll of fog {unknown}
 t - a scroll of brand weapon {unknown}
 z - a scroll of immolation {unknown}
 A - 2 scrolls of noise {unknown}
 C - a scroll of blinking {unknown}
Potions
 g - a potion of ambrosia {unknown}
 j - a potion of resistance {unknown}
 k - 3 potions of mutation
 n - 3 potions of brilliance
 p - a potion of heal wounds {unknown}
 u - 3 potions of invisibility {unknown}


   Skills:
 - Level 2.0 Fighting
 * Level 4.5 Short Blades
 - Level 2.0 Throwing
 - Level 2.0 Dodging
 - Level 5.0 Stealth
 + Level 2.2 Shields
 - Level 1.0 Spellcasting
 - Level 1.0 Transmutations
 - Level 1.0 Poison Magic


You had 6 spell levels left.
You knew the following spells:

 Your Spells              Type           Power      Damage    Failure   Level
a - Sting                 Tmut/Pois      8%         1d3       28%         1

Your spell library contained the following spells:

 Spells                   Type           Power      Damage    Failure   Level
 Poisonous Vapours        Pois/Air       2%         N/A       47%         2
 Olgreb's Toxic Radiance  Pois           2%         N/A       96%         4


Dungeon Overview and Level Annotations

Branches:
Dungeon (4/15)
 Temple: D:4-7

Altars:

Shops:
D:4 =


Innate Abilities, Weirdness & Mutations

You have extremely sharp teeth.
Your natural rate of healing is unusually fast.
When hurt, damage is shared between your health and your magic reserves.
Your bite disrupts and absorbs the magic of your enemies.
Potions cannot restore your health.


Message History

The orc is moderately wounded.
The gnoll closely misses you. The gnoll hits you with a +0 whip.
The orc hits you with a +0 dagger.
You hit the orc.
The orc looks as sick as possible!
The orc is almost dead.
You kill the orc!
The gnoll barely misses you. You block the gnoll's attack.
You hit the ufetubus.
The ufetubus is poisoned.
Your bite misses the ufetubus.
The ufetubus is lightly wounded.
The ufetubus closely misses you. x2; The gnoll closely misses you. x2
You hit the ufetubus.
The ufetubus looks as sick as possible!
You bite the ufetubus, but do no damage.
The ufetubus is moderately wounded.
The ufetubus hits you but does no damage.
The ufetubus hits you. The gnoll hits you with a +0 whip.
The gnoll hits you from afar with a +0 halberd.
You barely miss the ufetubus. Your bite misses the ufetubus.
The ufetubus is severely wounded.
The ufetubus hits you. The ufetubus closely misses you.
The ufetubus misses you. x2; The gnoll hits you but does no damage.
The gnoll hits you from afar with a +0 halberd.
You hit the ufetubus.
The ufetubus is almost dead.
You kill the ufetubus!
The gnoll attacks as you move away! The gnoll hits you with a +0 whip!
The orc hits you with a +0 flail.
Items here: )) [[ †.
You barely miss the orc. You bite the orc. You drain its power.
You feel invigorated.
The orc is moderately wounded.
The orc hits you with a +0 flail.
* * * LOW HITPOINT WARNING * * *
The gnoll hits you with a +0 whip.
* * * LOW HITPOINT WARNING * * *
The gnoll misses you.
As you read the scroll of teleportation, it crumbles to dust.
You feel strangely unstable. The orc hits you with a +0 flail.
* * * LOW HITPOINT WARNING * * *
The gnoll hits you with a +0 whip.
You die...

..w.....g# #.
...w...g# #..
....... #.. .....
:#... ..[ .....###.#
### #...#.# #..
##############...#
#.#
#...?o@gg........#
#.#
......##########.###
#.# #....
#.......###.# ....
#............ #..
#......###... ..
#......# ##.. #
#......# #..
######## #.# #..


You could see 2 gnolls and an orc.

Vanquished Creatures
  Sigmund (D:3)
  A phantom (D:3)
  Jessica (D:2)
  Terence (D:3)
  Robin (D:3)
  An ufetubus (D:4)
  A worm (D:3)
  2 dart slugs
  5 orcs
  3 endoplasms
  2 giant cockroaches
  9 goblins
  5 hobgoblins
  3 jackals (D:1)
  A kobold (D:2)
  2 quokkas
  2 ball pythons
  4 bats (D:1)
  2 frilled lizards
  5 rats
52 creatures vanquished.

Notes
Turn   | Place    | Note
-------+----------+-------------------------------------------
     0 | D:1      | avis the Vine Stalker Brigand began the quest for the Orb.
     0 | D:1      | Reached XP level 1. HP: 11/11 MP: 2/2
   213 | D:1      | Reached XP level 2. HP: 15/15 MP: 3/3
   470 | D:1      | Learned a level 1 spell: Sting
   476 | D:1      | Found a faded altar of an unknown god.
   601 | D:1      | Reached skill level 1 in Dodging
  1058 | D:2      | Reached skill level 5 in Stealth
  1196 | D:2      | Reached XP level 3. HP: 18/18 MP: 4/4
  1281 | D:2      | Noticed Jessica
  1289 | D:2      | Killed Jessica
  1620 | D:3      | Noticed Sigmund
  1629 | D:3      | Killed Sigmund
  1630 | D:3      | Reached skill level 1 in Shields
  1630 | D:3      | Reached skill level 1 in Spellcasting
  1630 | D:3      | Reached skill level 1 in Transmutations
  1630 | D:3      | Reached skill level 1 in Poison Magic
  1630 | D:3      | Gained mutation: Your natural rate of healing is unusually
                  | fast. [Vine Stalker growth]
  1630 | D:3      | Reached XP level 4. HP: 13/23 MP: 3/6
  1630 | D:3      | Reached XP level 5. HP: 15/26 MP: 3/7
  1720 | D:3      | Noticed a phantom
  1737 | D:3      | Killed a phantom
  1738 | D:3      | Reached XP level 6. HP: 25/30 MP: 6/8
  1777 | D:3      | Noticed Terence
  1785 | D:3      | Killed Terence
  2022 | D:3      | Noticed Robin
  2029 | D:3      | Killed Robin
  2466 | D:4      | Found Hietism's Jewellery Boutique.
  2524 | D:4      | HP: 1/30 [orc/+0 flail (3)]
  2524 | D:4      | Slain by a gnoll

Illustrated notes

Levels and vault maps discovered:
D:1:      dpeg_arrival_more_subterranean_lakeside_camping, layout_basic,
          shapermc_ecumenical_altar_hornbeckon, grunt_decor_arrowhead,
          minmay_misc_feat_encased
D:2:      layout_basic, kennysheep_jessica_study
D:3:      minmay_door_path, layout_basic, uniq_sigmund, uniq_terence, uniq_robin
D:4:      layout_basic, minmay_temple_entry_glass, serial_shops, shop,
          ebering_ghost_gozag

Skill      XL: |  1  2  3  4  5  6 |
---------------+-------------------+-----
Short Blades   | 2 3 4 |  4.5
Throwing       | 2 |  2.0
Dodging        | 1 2 |  2.0
Stealth        | 5 |  5.0
Fighting       | 2 |  2.0
Shields        | 1 2 |  2.2
Spellcasting   | 1 |  1.0
Transmutations | 1 |  1.0
Poison Magic   | 1 |  1.0

Action                     |  1- 3 |  4- 6 || total
---------------------------+-------+-------++-------
  Melee: Dagger            |    41 |    65 ||   106
         Bite              |     3 |    25 ||    28
         Punch             |       |     1 ||     1
  Throw: Dart              |     6 |     3 ||     9
   Cast: Sting             |     9 |    10 ||    19
    Use: Scroll            |       |     4 ||     4
   Stab: Sleeping          |     7 |       ||     7
 Armour: Robe              |     8 |     8 ||    16
  Dodge: Dodged            |    19 |    29 ||    48
  Block: Buckler           |       |    10 ||    10
